 Dungeon Crawl Stone Soup version 0.30.1-3-gfc49f6343a (webtiles) character file.

Game seed: 13587445559151797369

8070 inyourholes the Fighter (level 11, -20/101 HPs)
             Began as a Minotaur Berserker on July 19, 2023.
             Was a High Priest of Trog.
             Killed from afar by an acid dragon (30 damage)
             ... with a splash of acid
             ... on level 10 of the Dungeon.
             The game lasted 00:23:22 (8743 turns).

inyourholes the Fighter (Minotaur Berserker)        Turns: 8743, Time: 00:23:22

Health: -20/101    AC: 21    Str: 26    XL:     11   Next: 5%
Magic:  10/10      EV:  9    Int:  4    God:    Trog [*****.]
Gold:   362        SH:  6    Dex: 10    Spells: 10/10 levels left

rFire   . . .        y - +0 whip (elec)
rCold   . . .        v - +0 kite shield
rNeg    . . .        I - +0 plate armour
rPois   .            (helmet restricted)
rElec   .            w - +1 cloak
rCorr   .            (no gloves)
SInv    .            (no boots)
Will    .....        (no amulet) Stlth
                     r - +4 ring of protection
HPRegen 0.36/turn    H - +4 ring of protection
MPRegen 0.12/turn

%: no passive effects
@: corroded, on berserk cooldown, slowed, very slow
A: horns 2, retaliatory headbutt
a: Renounce Religion, Berserk, Trog's Hand, Brothers in Arms


You were on level 10 of the Dungeon.
You worshipped Trog.
Trog was extremely pleased with you.
You visited 1 branch of the dungeon, and saw 10 of its levels.

You collected 362 gold pieces.

Inventory:

Hand Weapons
 a - a +1 hand axe
 y - a +0 whip of electrocution (weapon)
Missiles
 K - 2 throwing nets (quivered)
Armour
 v - a +0 kite shield (worn)
 w - a +1 cloak (worn)
 I - a +0 plate armour (worn)
Magical Staves
 i - a staff of earth
Jewellery
 l - a +6 ring of dexterity
 r - a +4 ring of protection (left hand)
 u - a +6 ring of intelligence
 H - a +4 ring of protection (right hand)
 M - a +5 ring of evasion
Wands
 B - a wand of iceblast (9)
 J - a wand of mindburst (8)
Scrolls
 b - a scroll of brand weapon {unknown}
 c - a scroll of fear
 f - 12 scrolls of identify
 g - a scroll of immolation {unknown}
 k - 3 scrolls of enchant weapon
 q - a scroll of teleportation
 x - a scroll of acquirement {unknown}
 z - 2 scrolls of amnesia {unknown}
 A - a scroll of butterflies {unknown}
 F - 4 scrolls of enchant armour
Potions
 d - a potion of lignification {unknown}
 e - 7 potions of curing {unknown}
 j - 2 potions of degeneration {unknown}
 m - a potion of haste {unknown}
 n - 2 potions of attraction {unknown}
 o - 3 potions of flight {unknown}
 p - 2 potions of ambrosia {unknown}
 s - 2 potions of might {unknown}
 t - 4 potions of mutation {unknown}
 C - 2 potions of berserk rage
 D - a potion of invisibility {unknown}
 E - 3 potions of brilliance {unknown}
 G - a potion of magic {unknown}
 L - a potion of resistance {unknown}


   Skills:
 + Level 10.9 Fighting
 + Level 10.9 Axes
 + Level 10.5 Armour
 + Level 9.7 Dodging


You had 10 spell levels left.
You didn't know any spells.
Your spell library was empty.

Dungeon Overview and Level Annotations

Branches:
Dungeon (10/15)            Temple (0/1) D:7
   Lair: D:8-11         Orc: D:9-12

Altars:
Cheibriados
Dithmenos
Elyvilon
Makhleb
Qazlal
Trog
Vehumet
Yredelemnul

Shops:
D:1 (   D:9 *


Innate Abilities, Weirdness & Mutations

You have a pair of horns on your head.
You reflexively headbutt those who attack you in melee.


Message History

The gnoll sergeant hits you but does no damage.
The orc wizard points at you and mumbles some strange words.
You easily resist.
The gnoll hits you with a +0 club.
* * * LOW HITPOINT WARNING * * *
What are your orders? t - Shout!
Orders for allies: a - Attack new target. r - Retreat! s - Stop attacking. g - Guard the area. f - Follow me.
Anything else - Cancel.
Okay, then.
Okay, then.
As you read the scroll of teleportation, it crumbles to dust.
You feel strangely unstable. The gnoll sergeant closely misses you.
The orc wizard hits you but does no damage.
The gnoll hits you with a +0 club.
* * * LOW HITPOINT WARNING * * *
The gnoll closely misses you. You furiously retaliate!
You headbutt the gnoll.
The gnoll sergeant hits you from afar with a +0 trident.
* * * LOW HITPOINT WARNING * * *
The orc wizard mumbles some strange words.
The orc wizard flickers and vanishes!
Deactivating autopickup; reactivate with Ctrl-A.
You block something's attack. You block the gnoll's attack.
The gnoll sergeant hits you but does no damage.
Something hits you.
* * * LOW HITPOINT WARNING * * *
Your surroundings suddenly seem different.
An acid dragon comes into view.
The acid dragon spits acid at you. The splash of acid hits you.
* * * LOW HITPOINT WARNING * * *
The acid corrodes you!
You hear a shout!
Found a lumpy clear potion.
An orc comes into view. It is wielding a +0 whip.
The acid dragon spits acid at you. The splash of acid hits you!!
You die...

.##..# .....
...# #..# ######
######..##.....+
...............#
...............#
o..!....@......#
######..##...###
#..# ..# #..#
..# ..... .#
.......# #
...D....##
....##### ....


You could see an acid dragon (catching breath).

Vanquished Creatures
  Gastronok (D:8)
  A two-headed ogre (D:10)
  Pikel (D:6)
  4 kobold demonologists (D:9)
  Grinder (D:5)
  6 yaks (D:9)
  2 wyverns
  Eustachio (D:4)
  A water moccasin (D:8)
  Duvessa (D:4)
  2 sky beasts
  A black bear (D:7)
  5 orc warriors
  An ice beast (D:7)
  2 ogres (D:4)
  A centaur (D:6)
  A lemure (D:6)
  A phantom (D:5)
  4 kobold brigands
  Blork the orc (D:4)
  A bullfrog (D:8)
  A scorpion (D:6)
  7 wights
  Dowan (D:4)
  5 killer bees (D:9)
  5 howler monkeys
  A sleepcap (D:5)
  2 jellies
  3 orc priests
  Crazy Yiuf (D:3)
  6 iguanas
  Ijyb (D:4)
  7 orc wizards
  Robin (D:3)
  5 adders
  3 gnolls
  2 shadow imps (D:7)
  A white imp (D:7)
  2 ufetubi
  A worm (D:5)
  7 dart slugs
  25 orcs
  5 endoplasms
  7 giant cockroaches
  16 goblins
  9 hobgoblins
  4 jackals (D:1)
  24 kobolds
  5 quokkas
  5 ball pythons
  7 bats
  8 frilled lizards
  3 rats
219 creatures vanquished.

Vanquished Creatures (others)
  A wizard (D:5)
1 creature vanquished.

Grand Total: 220 creatures vanquished

Notes
Turn   | Place    | Note
-------+----------+-------------------------------------------
     0 | D:1      | inyourholes the Minotaur Berserker began the quest for the
                  | Orb.
     0 | D:1      | Reached XP level 1. HP: 19/19 MP: 0/0
   114 | D:1      | Reached XP level 2. HP: 26/27 MP: 1/1
   160 | D:1      | Found Bish's Weapon Shoppe.
   162 | D:1      | Noticed a +0 demon trident
   162 | D:1      | Noticed a +0 executioner's axe
   271 | D:1      | Found a faded altar of an unknown god.
   312 | D:1      | Reached ** piety under Trog
   592 | D:1      | Reached XP level 3. HP: 33/33 MP: 2/2
  1422 | D:3      | Reached XP level 4. HP: 26/41 MP: 3/3
  1573 | D:3      | Found a snail-covered altar of Cheibriados.
  1760 | D:3      | Reached *** piety under Trog
  2194 | D:3      | Found a runed translucent door.
  2195 | D:3      | Noticed Crazy Yiuf
  2256 | D:3      | Noticed Robin
  2262 | D:3      | Reached XP level 5. HP: 47/47 MP: 4/4
  2270 | D:3      | Killed Robin
  2366 | D:3      | Found a stormy altar of Qazlal.
  2458 | D:3      | Killed Crazy Yiuf
  2632 | D:4      | Noticed an ogre
  2639 | D:4      | Killed an ogre
  2640 | D:4      | Reached skill level 5 in Fighting
  2640 | D:4      | Reached skill level 5 in Axes
  2657 | D:4      | Reached XP level 6. HP: 50/56 MP: 5/5
  2701 | D:4      | Noticed Eustachio
  2716 | D:4      | Killed Eustachio
  2753 | D:4      | Reached XP level 7. HP: 11/62 MP: 6/6
  2938 | D:4      | Reached skill level 5 in Armour
  3090 | D:4      | Found a basalt altar of Yredelemnul.
  3202 | D:4      | Noticed Blork the orc
  3216 | D:4      | Killed Blork the orc
  3323 | D:4      | Found a burning altar of Makhleb.
  3323 | D:4      | Found a white marble altar of Elyvilon.
  3325 | D:4      | Noticed Ijyb
  3333 | D:4      | Killed Ijyb
  3725 | D:4      | Noticed Dowan
  3726 | D:4      | Noticed Duvessa
  3734 | D:4      | Killed Duvessa
  3735 | D:4      | Reached skill level 5 in Dodging
  3739 | D:4      | Killed Dowan
  3819 | D:5      | Entered Level 5 of the Dungeon
  3840 | D:5      | Reached **** piety under Trog
  3850 | D:5      | Noticed Grinder
  3860 | D:5      | Killed Grinder
  3861 | D:5      | Reached XP level 8. HP: 51/71 MP: 7/7
  4575 | D:5      | Found a bloodstained altar of Trog.
  4576 | D:5      | Noticed a wizard
  4582 | D:5      | Killed a wizard
  5084 | D:6      | Noticed Pikel
  5357 | D:6      | Killed Pikel
  5473 | D:6      | Reached XP level 9. HP: 81/81 MP: 8/8
  5718 | D:6      | Found a shadowy altar of Dithmenos.
  5840 | D:7      | Found a staircase to the Ecumenical Temple.
  6300 | D:7      | Identified the +5 dagger "Cevub" {vamp, rF+ Int+3 Dex+2}
  6560 | D:8      | Reached ***** piety under Trog
  6714 | D:8      | Noticed Gastronok
  6737 | D:8      | Killed Gastronok
  6738 | D:8      | Reached XP level 10. HP: 78/91 MP: 9/9
  7206 | D:9      | Found a radiant altar of Vehumet.
  7477 | D:9      | Noticed an orange demon
  7502 | D:9      | Noticed a soul eater
  7822 | D:9      | Reached skill level 10 in Fighting
  7822 | D:9      | Reached skill level 10 in Axes
  8043 | D:9      | Reached skill level 10 in Armour
  8328 | D:9      | Found Zoucwob's General Store.
  8602 | D:10     | Entered Level 10 of the Dungeon
  8602 | D:10     | Noticed a two-headed ogre
  8713 | D:10     | Killed a two-headed ogre
  8714 | D:10     | Reached XP level 11. HP: 72/101 MP: 10/10
  8743 | D:10     | Killed from afar by an acid dragon

Illustrated notes

Levels and vault maps discovered:
D:1:      dreamdust_arrival_beginning_and_end, layout_loops_ring, serial_shops,
          nicolae_shop_mannequins, ebering_ecumenical_altar_box
D:2:      layout_basic, serial_glass, glass_columns_a, glass_columns_a,
          glass_columns_a, glass_columns_c, glass_columns_c, glass_columns_a,
          glass_columns_c, glass_columns_c, glass_columns_a, glass_columns_a,
          minmay_vboxes
D:3:      layout_loops_cross, kennysheep_slug_shrine,
          lemuel_coloured_pillars_altar, dk_vineyard_3, uniq_robin,
          uniq_crazy_yiuf_cottage
D:4:      layout_basic, old_standard_altar, mainiacjoe_overflow_large_starburst,
          minmay_pentomino_pile, uniq_ijyb, uniq_duvessa, uniq_blork_the_orc,
          uniq_eustachio
D:5:      layout_loops_cross, trog_wizard, uniq_grinder
D:6:      layout_basic, mainiacjoe_overflow_24_doors, uniq_pikel
D:7:      layout_cave_pools, minmay_temple_entry_mist
D:8:      layout_rooms, nicolae_eternal_life, uniq_gastronok
D:9:      layout_loops_ring, mainiacjoe_overflow_small_starburst, serial_shops,
          shop
D:10:     layout_gridville, orc_0_dummy

Skill      XL: |  1  2  3  4  5  6  7  8  9 10 |
---------------+-------------------------------+-----
Fighting       | 4 5 6 7 9 10 | 10.9
Axes           | 4 5 6 7 9 10 | 10.9
Armour         | 3 4 6 7 9 10 | 10.5
Dodging        | 3 4 5 6 8 9 |  9.7

Action                     |  1- 3 |  4- 6 |  7- 9 | 10-12 || total
---------------------------+-------+-------+-------+-------++-------
  Melee: Hand axe          |    82 |    82 |   125 |       ||   289
         Headbutt          |    18 |    16 |    66 |    54 ||   154
         Punch             |       |     2 |       |       ||     2
         Whip              |       |       |   126 |   258 ||   384
 Invoke: Berserk           |       |     2 |     3 |     4 ||     9
  Evoke: Wand              |       |       |     1 |       ||     1
    Use: Scroll            |       |       |     9 |     4 ||    13
         Potion            |       |       |       |     2 ||     2
 Armour: Animal skin       |     6 |       |       |       ||     6
         Leather armour    |    12 |    10 |       |       ||    22
         Ring mail         |       |    23 |    96 |       ||   119
         Plate armour      |       |       |       |   200 ||   200
  Dodge: Dodged            |    63 |    48 |   152 |   128 ||   391
  Block: Kite shield       |       |       |    55 |   101 ||   156
